Map: Kairos Junction LE

Players

Neeb - Winner!

  • Race: Protoss Protoss
  • League: Grandmaster
  • Spawn Location: 5:00

MCanning

  • Race: Protoss Protoss
  • Spawn Location: 11:00

Event: 2019 WCS Winter Americas

VOD

Have the link to the VOD?

Description

Time

  • Played on: Feb. 16, 2019, 11:50 a.m.
  • Length: 10:47

All games in this series

Show
View Real Time Build Order
Export as new Build Order

Neeb Protoss - Winner!

Build Orders: Phoenix Opening, Zealot Archon 

Get SALT Encoding   

  12  0:00  Probe  
  13  0:12  Probe  
  14  0:17  Pylon  
  14  0:24  Probe  
  15  0:32  Probe  
  15  0:38  Gateway  
  15  0:40  Probe  
  16  0:47  Assimilator  
  17  0:51  Probe  
  17  0:54  Assimilator  
  18  0:59  Probe  
  19  1:07  Probe, Gateway  
  20  1:17  Probe  
  21  1:25  Cybernetics Core  
  21  1:29  Probe  
  22  1:34  Pylon  
  22  1:41  Probe  
  23  1:53  Probe  
  24  2:02  Stalker, Warp Gate, Sentry  
  24  2:05  Probe  
  29  2:11  Pylon  
  29  2:17  Probe  
  30  2:34  Probe  
  30  2:35  Phoenix, Sentry  
  33  2:41  Nexus  
  33  2:43  Sentry  
  34  2:47  Probe  
  35  2:59  Probe  
  35  3:05  Shield Battery  
  36  3:06  Pylon  
  36  3:10  Phoenix  
  36  3:11  Probe  
  37  3:13  Forge  
  37  3:19  Probe  
  38  3:27  Probe  
  38  3:33  Pylon  
  39  3:37  Probe  
  40  3:45  Protoss Ground Weapons Level 1, Probe  
  40  3:50  Adept x2  
  40  3:53  Probe x2  
  46  3:58  Phoenix  
  47  4:05  Probe  
  47  4:06  Probe  
  49  4:10  Adept  
  49  4:11  Adept  
  53  4:17  Probe, Robotics Facility  
  53  4:20  Probe  
  55  4:26  Pylon  
  55  4:27  Assimilator  
  55  4:29  Probe  
  56  4:33  Probe  
  56  4:34  Assimilator  
  56  4:35  Twilight Council  
  57  4:41  Probe  
  57  4:45  Probe  
  59  4:46  Pylon  
  59  4:56  Immortal, Probe  
  59  4:58  Probe  
  57  5:07  Charge  
  57  5:10  Gateway  
  57  5:12  Gateway x2  
  57  5:16  Gateway  
  57  5:22  Immortal  
  57  5:23  Templar Archives  
  61  5:36  Gateway  
  61  5:39  Gateway  
  61  5:44  Phoenix  
  61  5:47  Zealot x2  
  65  5:50  Pylon  
  65  5:58  Pylon  
  65  5:59  Shield Battery  
  65  6:02  Observer, Shield Battery  
  65  6:06  Protoss Ground Weapons Level 2  
  65  6:07  High Templar x2  
  70  6:12  Archon  
  70  6:15  Zealot  
  70  6:16  Zealot x3  
  78  6:24  Pylon  
  78  6:29  Warp Prism  
  78  6:30  Pylon  
  80  6:42  Pylon  
  80  6:43  Pylon  
  80  6:52  Zealot x3  
  86  6:59  High Templar x2  
  90  7:02  High Templar  
  90  7:03  Zealot, High Templar  
  90  7:06  Archon  
  90  7:08  Archon  
  96  7:19  Immortal  
  96  7:22  Zealot x3  
  80  7:42  Zealot x2  
  80  7:43  Zealot x5  
  94  7:51  Stargate  
  94  7:54  Stargate  
  94  8:04  Stalker x2  
  98  8:21  High Templar x2  
  98  8:22  Zealot x4  
  98  8:26  Archon  
  110  8:27  Pylon  
  110  8:28  Phoenix  
  110  8:30  Phoenix  
  114  8:49  Zealot  
  114  8:50  Zealot  
  118  8:55  Nexus  
  118  8:59  Phoenix  
  120  9:06  Phoenix  
  122  9:15  Phoenix  
  122  9:20  Warp Prism  
  122  9:24  Pylon  
  126  9:34  Phoenix  
  126  9:42  Zealot  
  126  9:43  Zealot x2  
  134  9:48  Pylon  
  134  10:06  Phoenix  
  136  10:07  Phoenix  
  136  10:11  Zealot x2  
  139  10:18  Zealot  
  107  10:39  Zealot x4  
Show
View Real Time Build Order
Export as new Build Order

MCanning Protoss 

Build Orders:  

Get SALT Encoding   

  12  0:00  Probe  
  13  0:12  Probe  
  14  0:21  Pylon  
  14  0:24  Probe  
  15  0:36  Probe  
  15  0:39  Gateway  
  16  0:44  Probe  
  17  0:51  Assimilator  
  17  0:52  Probe  
  17  0:55  Assimilator  
  18  1:00  Probe  
  18  1:08  Probe  
  19  1:12  Gateway  
  20  1:20  Probe  
  21  1:26  Cybernetics Core  
  21  1:32  Probe  
  22  1:38  Pylon  
  22  1:44  Probe  
  23  1:56  Probe  
  24  2:03  Stalker, Sentry, Warp Gate  
  28  2:12  Probe  
  28  2:13  Pylon  
  29  2:25  Pylon  
  29  2:33  Sentry  
  31  2:48  Sentry, Nexus  
  33  2:54  Pylon  
  33  2:55  Probe  
  34  3:07  Probe  
  35  3:14  Robotics Facility  
  35  3:16  Probe  
  36  3:24  Probe  
  36  3:33  Probe  
  37  3:39  Pylon  
  38  3:44  Probe  
  39  3:51  Stalker  
  39  3:52  Probe  
  41  4:00  Probe  
  41  4:02  Adept  
  44  4:06  Warp Prism  
  47  4:11  Probe  
  47  4:12  Probe  
  47  4:15  Robotics Bay  
  49  4:17  Adept  
  49  4:23  Probe  
  49  4:24  Probe  
  52  4:27  Shield Battery  
  53  4:32  Probe  
  53  4:35  Probe  
  53  4:37  Stalker  
  57  4:40  Probe  
  57  4:42  Shield Battery  
  58  4:46  Adept  
  58  4:48  Probe  
  56  4:54  Immortal, Probe  
  52  5:00  Probe, Gravitic Drive  
  52  5:06  Probe  
  58  5:12  Probe  
  59  5:14  Sentry  
  59  5:20  Probe, Pylon  
  62  5:24  Disruptor  
  62  5:29  Probe  
  62  5:34  Stalker  
  68  5:38  Probe  
  68  5:41  Probe  
  70  5:50  Gateway  
  70  5:51  Disruptor, Gateway  
  70  5:57  Gateway  
  70  5:58  Gateway  
  73  6:04  Assimilator  
  73  6:11  Pylon  
  73  6:14  Pylon  
  73  6:29  Disruptor x2  
  73  6:33  Stalker  
  73  6:34  Stalker  
  73  6:38  Probe  
  78  6:41  Pylon  
  78  6:43  Pylon  
  78  6:44  Disruptor  
  81  6:48  Stalker  
  81  6:50  Zealot  
  85  6:58  Assimilator  
  85  7:02  Zealot x4  
  93  7:10  Stalker  
  87  7:27  Stalker  
  87  7:28  Stalker x3  
  87  7:29  Zealot  
  65  7:39  Disruptor  
  65  7:40  Probe  
  66  7:45  Probe  
  66  7:48  Twilight Council  
  70  7:54  Nexus  
  70  7:56  Blink  
  70  8:00  Robotics Facility  
  70  8:08  Probe  
  70  8:10  Probe, Disruptor  
  72  8:15  Zealot x2  
  72  8:18  Pylon  
  76  8:20  Probe  
  80  8:32  Probe  
  80  8:33  Probe  
  82  8:39  Disruptor, Adept  
  82  8:40  Adept  
  86  8:41  Shield Battery  
  86  8:43  Shield Battery  
  86  8:46  Observer  
  87  8:51  Probe  
  87  8:53  Probe  
  92  9:03  Probe  
  92  9:05  Probe  
  92  9:06  Dark Shrine  
  92  9:08  Probe  
  95  9:13  Assimilator  
  95  9:18  Probe  
  95  9:21  Stalker x3  
  100  9:25  Probe, Disruptor  
  100  9:27  Assimilator  
  100  9:31  Pylon  
  104  9:39  Probe  
  104  9:40  Disruptor  
  104  9:43  Forge  
  103  9:45  Zealot  
  103  9:48  Stalker  
  103  9:52  Pylon  
  110  9:54  Disruptor  
  110  9:55  Stalker  
  111  10:15  Stalker x4  
Tags
 
Add a new tag
Caveats
  • Supply blocks, unpowered buildings, or Contaminate may cause inaccurate times.
  • Supply counts are checked every 10 seconds.